[ AOE2 MATCH · #508382612 ]
UnrankedIncas vs Ethiopians
Player's team · LOSS
[ REPLAY ANALYSIS · EXTRACTED FROM THE RECORDED GAME ]
Feudal
12:17
Castle
—
Imperial
—
| APM avg | 30.4 |
| APM peak | 60 |
| eAPM avg | 14.2 |
| Villagers / military | 47 / 38 |
Focus
⚔️ 31.9% · 🌾 68.1%
Skirmisher ×23 · Archer ×15 · Unknown (2550) ×4
Feudal
9:31
Castle
24:24
Imperial
—
| APM avg | 60.8 |
| APM peak | 103 |
| eAPM avg | 27.9 |
| Villagers / military | 43 / 43 |
Focus
⚔️ 36.4% · 🌾 63.6%
Skirmisher ×25 · Militia ×13 · Archer ×3 · Mangonel ×2
Match map
Initial resources + every placement click. Lines = walls · curves = elevation contours. ◆ gold · ⬟ stone · ● berries · ✦ relic · ◌ wall gap
Your base· Open — 4t gap
HernanJC's base· Open — 8t gap
Smoothed initial terrain · ◌ = detected wall gap · hover for details
Inputs per minute
— DaiFeiLo - - HernanJC
Build order — DaiFeiLo
First 150 of 162 actions detected
| 0:01 | Queue | Villager (Male) |
| 0:02 | Build | House |
| 0:14 | Queue | Villager (Male) |
| 0:14 | Queue | Villager (Male) |
| 0:21 | Queue | Villager (Male) |
| 1:11 | Queue | Villager (Male) |
| 1:56 | Queue | Villager (Male) |
| 2:08 | Queue | Villager (Male) |
| 2:39 | Build | Barracks |
| 2:41 | Queue | Villager (Male) |
| 2:52 | Build | House |
| 2:55 | Queue | Villager (Male) |
| 3:26 | Queue | Villager (Male) |
| 3:45 | Queue | Unit 2550 |
| 4:17 | Queue | Unit 2550 |
| 4:34 | Queue | Villager (Male) |
| 4:54 | Queue | Villager (Male) |
| 5:20 | Queue | Villager (Male) |
| 5:35 | Build | Settlement |
| 5:39 | Queue | Villager (Male) |
| 5:47 | Queue | Unit 2550 |
| 5:48 | Queue | Unit 2550 |
| 6:36 | Queue | Villager (Male) |
| 6:37 | Queue | Villager (Male) |
| 6:37 | Queue | Villager (Male) |
| 7:26 | Build | Settlement |
| 7:39 | Queue | Villager (Male) |
| 8:09 | Queue | Villager (Male) |
| 8:33 | Build | Farm |
| 8:35 | Queue | Villager (Male) |
| 8:35 | Queue | Villager (Male) |
| 9:36 | Queue | Villager (Male) |
| 9:37 | Queue | Villager (Male) |
| 9:53 | Build | Farm |
| 9:54 | Build | Farm |
| 9:54 | Build | Farm |
| 9:55 | Build | Farm |
| 10:05 | Research | Feudal Age |
| 10:19 | Build | Farm |
| 11:18 | Research | Loom |
| 11:21 | Queue | Villager (Male) |
| 11:21 | Queue | Villager (Male) |
| 12:00 | Build | Palisade Wall |
| 12:02 | Build | Palisade Wall |
| 12:06 | Build | Palisade Wall |
| 12:15 | Build | Palisade Wall |
| 12:17 | Age | Feudal Age |
| 12:18 | Build | Palisade Wall |
| 12:21 | Build | Archery Range |
| 12:25 | Research | Wheelbarrow |
| 12:30 | Research | Wheelbarrow |
| 12:32 | Research | Double-Bit Axe |
| 12:33 | Research | Horse Collar |
| 12:43 | Queue | Villager (Male) |
| 12:54 | Queue | Villager (Male) |
| 12:58 | Build | Palisade Wall |
| 13:03 | Build | Palisade Wall |
| 13:11 | Build | Palisade Wall |
| 13:19 | Build | Palisade Wall |
| 13:31 | Queue | Archer |
| 13:32 | Queue | Archer |
| 13:53 | Build | Palisade Wall |
| 14:00 | Build | Blacksmith |
| 14:10 | Research | Gold Mining |
| 14:27 | Queue | Villager (Male) |
| 14:52 | Build | Farm |
| 15:08 | Build | Palisade Wall |
| 15:10 | Queue | Villager (Male) |
| 15:13 | Build | Farm |
| 15:17 | Queue | Archer |
| 15:17 | Queue | Archer |
| 15:32 | Build | Farm |
| 15:38 | Build | Farm |
| 15:41 | Queue | Villager (Male) |
| 15:47 | Build | Farm |
| 15:57 | Build | Palisade Wall |
| 16:04 | Build | Farm |
| 16:12 | Queue | Archer |
| 16:13 | Queue | Villager (Male) |
| 16:36 | Queue | Archer |
| 16:41 | Build | Palisade Wall |
| 16:49 | Build | Palisade Wall |
| 16:51 | Build | Palisade Wall |
| 17:04 | Queue | Villager (Male) |
| 17:07 | Queue | Archer |
| 17:07 | Queue | Archer |
| 17:09 | Research | Fletching |
| 17:11 | Queue | Villager (Male) |
| 18:01 | Research | Padded Archer Armor |
| 18:02 | Queue | Villager (Male) |
| 18:05 | Build | Archery Range |
| 18:28 | Build | Watch Tower |
| 18:51 | Build | Palisade Wall |
| 18:53 | Build | Palisade Wall |
| 18:54 | Build | Palisade Wall |
| 18:57 | Build | Palisade Wall |
| 19:02 | Build | Palisade Wall |
| 19:03 | Build | Palisade Wall |
| 19:11 | Build | Palisade Wall |
| 19:16 | Build | Palisade Wall |
| 19:49 | Queue | Villager (Male) |
| 19:49 | Queue | Villager (Male) |
| 20:09 | Build | Farm |
| 20:10 | Build | Farm |
| 20:10 | Build | Farm |
| 20:11 | Build | Farm |
| 20:11 | Build | Farm |
| 20:11 | Build | Farm |
| 20:12 | Build | Farm |
| 20:19 | Build | Farm |
| 20:19 | Build | Farm |
| 20:20 | Build | Farm |
| 20:20 | Build | Farm |
| 20:33 | Queue | Villager (Male) |
| 20:33 | Queue | Villager (Male) |
| 20:35 | Queue | Archer |
| 20:35 | Queue | Archer |
| 20:38 | Build | Archery Range |
| 20:49 | Queue | Skirmisher |
| 20:49 | Queue | Skirmisher |
| 20:50 | Queue | Skirmisher |
| 20:50 | Queue | Skirmisher |
| 21:02 | Build | Farm |
| 21:25 | Queue | Villager (Male) |
| 21:26 | Queue | Villager (Male) |
| 21:36 | Queue | Archer |
| 21:37 | Queue | Archer |
| 22:07 | Queue | Archer |
| 22:07 | Queue | Archer |
| 22:07 | Queue | Archer |
| 22:27 | Build | Archery Range |
| 22:35 | Queue | Villager (Male) |
| 22:35 | Queue | Villager (Male) |
| 22:36 | Queue | Villager (Male) |
| 22:44 | Build | House |
| 22:49 | Queue | Skirmisher |
| 23:06 | Build | House |
| 23:07 | Queue | Villager (Male) |
| 23:32 | Build | Settlement |
| 23:59 | Queue | Skirmisher |
| 23:59 | Queue | Skirmisher |
| 23:59 | Queue | Skirmisher |
| 24:02 | Queue | Villager (Male) |
| 24:02 | Queue | Villager (Male) |
| 24:20 | Queue | Skirmisher |
| 24:20 | Queue | Skirmisher |
| 24:21 | Queue | Skirmisher |
| 24:21 | Queue | Skirmisher |
| 25:00 | Queue | Skirmisher |
| 25:00 | Queue | Skirmisher |
Build order — HernanJC
First 150 of 156 actions detected
| 0:02 | Build | House |
| 0:03 | Build | House |
| 0:04 | Queue | Villager (Male) |
| 0:04 | Queue | Villager (Male) |
| 0:05 | Queue | Villager (Male) |
| 0:05 | Queue | Villager (Male) |
| 0:06 | Queue | Villager (Male) |
| 1:21 | Queue | Villager (Male) |
| 1:22 | Queue | Villager (Male) |
| 1:49 | Build | Lumber Camp |
| 2:03 | Queue | Villager (Male) |
| 2:03 | Queue | Villager (Male) |
| 2:20 | Queue | Villager (Male) |
| 2:20 | Queue | Villager (Male) |
| 2:42 | Queue | Villager (Male) |
| 2:42 | Queue | Villager (Male) |
| 3:09 | Build | House |
| 3:10 | Build | House |
| 3:16 | Queue | Villager (Male) |
| 3:51 | Queue | Villager (Male) |
| 3:53 | Queue | Villager (Male) |
| 3:53 | Queue | Villager (Male) |
| 3:53 | Queue | Villager (Male) |
| 4:12 | Queue | Villager (Male) |
| 4:26 | Queue | Villager (Male) |
| 4:26 | Queue | Villager (Male) |
| 5:02 | Queue | Villager (Male) |
| 5:14 | Build | Mill |
| 5:28 | Build | Palisade Wall |
| 5:54 | Queue | Villager (Male) |
| 6:00 | Build | House |
| 6:15 | Queue | Villager (Male) |
| 6:22 | Queue | Villager (Male) |
| 6:45 | Research | Loom |
| 7:07 | Build | House |
| 7:09 | Build | House |
| 7:21 | Research | Feudal Age |
| 8:25 | Build | Barracks |
| 9:10 | Queue | Militia |
| 9:10 | Queue | Militia |
| 9:31 | Age | Feudal Age |
| 9:35 | Research | Man-at-Arms (upgrade) |
| 10:02 | Queue | Villager (Male) |
| 10:07 | Build | Mining Camp |
| 10:50 | Queue | Militia |
| 10:50 | Queue | Militia |
| 10:57 | Queue | Villager (Male) |
| 11:19 | Queue | Villager (Male) |
| 11:37 | Build | Lumber Camp |
| 11:48 | Queue | Villager (Male) |
| 11:48 | Queue | Villager (Male) |
| 12:01 | Build | House |
| 12:24 | Queue | Militia |
| 12:25 | Queue | Militia |
| 12:29 | Build | Farm |
| 12:33 | Research | Double-Bit Axe |
| 12:43 | Build | Palisade Wall |
| 12:45 | Build | Palisade Wall |
| 12:46 | Queue | Villager (Male) |
| 12:47 | Queue | Villager (Male) |
| 13:39 | Queue | Villager (Male) |
| 13:39 | Queue | Villager (Male) |
| 13:50 | Build | Archery Range |
| 14:01 | Queue | Villager (Male) |
| 14:02 | Queue | Villager (Male) |
| 14:06 | Build | House |
| 14:13 | Build | Farm |
| 14:16 | Build | Farm |
| 14:18 | Queue | Villager (Male) |
| 14:18 | Queue | Villager (Male) |
| 14:42 | Build | Blacksmith |
| 15:04 | Queue | Archer |
| 15:04 | Queue | Archer |
| 15:15 | Build | Farm |
| 15:30 | Build | Farm |
| 15:42 | Build | House |
| 15:48 | Build | Palisade Wall |
| 15:53 | Build | Palisade Wall |
| 16:02 | Queue | Skirmisher |
| 16:11 | Build | House |
| 16:14 | Build | Palisade Wall |
| 16:17 | Build | Palisade Wall |
| 16:19 | Research | Fletching |
| 16:24 | Queue | Skirmisher |
| 16:25 | Queue | Skirmisher |
| 17:25 | Queue | Skirmisher |
| 17:25 | Queue | Skirmisher |
| 17:37 | Build | Farm |
| 17:38 | Build | Farm |
| 17:38 | Build | Farm |
| 17:39 | Build | Farm |
| 17:51 | Queue | Skirmisher |
| 17:51 | Queue | Skirmisher |
| 19:38 | Queue | Villager (Male) |
| 19:38 | Queue | Villager (Male) |
| 19:43 | Build | Market |
| 20:06 | Build | Palisade Gate |
| 20:13 | Queue | Villager (Male) |
| 20:14 | Queue | Villager (Male) |
| 20:24 | Build | Farm |
| 20:29 | Build | Farm |
| 20:37 | Build | Farm |
| 20:40 | Build | Farm |
| 20:41 | Queue | Villager (Male) |
| 21:29 | Build | Farm |
| 21:44 | Research | Castle Age |
| 21:47 | Build | House |
| 21:55 | Queue | Archer |
| 21:58 | Queue | Militia |
| 22:03 | Build | Farm |
| 22:03 | Build | Farm |
| 22:53 | Build | House |
| 22:59 | Research | Horse Collar |
| 23:00 | Queue | Militia |
| 23:00 | Queue | Militia |
| 23:01 | Queue | Militia |
| 23:02 | Queue | Militia |
| 23:11 | Queue | Skirmisher |
| 23:11 | Queue | Skirmisher |
| 23:23 | Queue | Skirmisher |
| 23:23 | Queue | Skirmisher |
| 23:34 | Build | House |
| 23:35 | Build | House |
| 23:39 | Build | Palisade Wall |
| 23:47 | Build | Lumber Camp |
| 23:55 | Queue | Skirmisher |
| 23:56 | Queue | Skirmisher |
| 24:07 | Build | Archery Range |
| 24:19 | Queue | Militia |
| 24:19 | Queue | Militia |
| 24:22 | Research | Scale Mail Armor |
| 24:23 | Research | Padded Archer Armor |
| 24:24 | Age | Castle Age |
| 24:27 | Research | Town Watch |
| 24:48 | Build | Siege Workshop |
| 24:55 | Research | Elite Skirmisher (upgrade) |
| 24:58 | Research | Elite Skirmisher (upgrade) |
| 25:01 | Research | Long Swordsman (upgrade) |
| 25:28 | Queue | Skirmisher |
| 25:28 | Queue | Skirmisher |
| 25:41 | Research | Bodkin Arrow |
| 25:49 | Queue | Skirmisher |
| 25:55 | Queue | Mangonel |
| 26:06 | Build | Archery Range |
| 26:19 | Queue | Skirmisher |
| 26:20 | Queue | Skirmisher |
| 26:28 | Queue | Skirmisher |
| 26:28 | Queue | Skirmisher |
| 26:33 | Build | House |
| 26:47 | Queue | Mangonel |
Match timeline
| 2:39 | DaiFeiLo · first_building Barracks |
| 5:28 | HernanJC · wall_segment Palisade Wall x3 |
| 8:25 | HernanJC · first_building Barracks |
| 9:31 | HernanJC · age_up feudal |
| 12:00 | DaiFeiLo · wall_segment Palisade Wall x3 |
| 12:02 | DaiFeiLo · wall_segment Palisade Wall x6 |
| 12:06 | DaiFeiLo · wall_segment Palisade Wall x12 |
| 12:15 | DaiFeiLo · wall_segment Palisade Wall x6 |
| 12:17 | DaiFeiLo · age_up feudal |
| 12:18 | DaiFeiLo · wall_segment Palisade Wall x6 |
| 12:21 | DaiFeiLo · first_building Archery Range |
| 12:43 | HernanJC · wall_segment Palisade Wall x7 |
| 12:45 | HernanJC · wall_segment Palisade Wall x3 |
| 12:58 | DaiFeiLo · wall_segment Palisade Wall x1 |
| 13:03 | DaiFeiLo · wall_segment Palisade Wall x1 |
| 13:11 | DaiFeiLo · wall_segment Palisade Wall x1 |
| 13:19 | DaiFeiLo · wall_segment Palisade Wall x1 |
| 13:50 | HernanJC · first_building Archery Range |
| 13:53 | DaiFeiLo · wall_segment Palisade Wall x15 |
| 15:08 | DaiFeiLo · wall_segment Palisade Wall x1 |
| 15:48 | HernanJC · wall_segment Palisade Wall x12 |
| 15:53 | HernanJC · wall_segment Palisade Wall x10 |
| 15:57 | DaiFeiLo · wall_segment Palisade Wall x3 |
| 16:14 | HernanJC · wall_segment Palisade Wall x6 |
| 16:17 | HernanJC · wall_segment Palisade Wall x1 |
| 16:41 | DaiFeiLo · wall_segment Palisade Wall x1 |
| 16:49 | DaiFeiLo · wall_segment Palisade Wall x1 |
| 16:51 | DaiFeiLo · wall_segment Palisade Wall x1 |
| 18:51 | DaiFeiLo · wall_segment Palisade Wall x1 |
| 18:53 | DaiFeiLo · wall_segment Palisade Wall x1 |
| 18:54 | DaiFeiLo · wall_segment Palisade Wall x1 |
| 18:57 | DaiFeiLo · wall_segment Palisade Wall x2 |
| 19:02 | DaiFeiLo · wall_segment Palisade Wall x1 |
| 19:03 | DaiFeiLo · wall_segment Palisade Wall x1 |
| 19:11 | DaiFeiLo · wall_segment Palisade Wall x1 |
| 19:16 | DaiFeiLo · wall_segment Palisade Wall x1 |
| 21:35 | HernanJC · first_market_buy 100 food |
| 23:39 | HernanJC · wall_segment Palisade Wall x1 |
| 24:24 | HernanJC · age_up castle |
| 24:48 | HernanJC · first_building Siege Workshop |
| 28:01 | DaiFeiLo · resign |
[ AI ANALYSIS · 1 CREDIT ]
What really happened in this match?
Wolo.gg analyzes every decision: build order, eco, micro, common mistakes by bracket. Personalized analysis on WhatsApp or Discord in 30 seconds.
Civ guide
Incas
Perfil
Jugador #2909267